TOP OF THE 1ST |
Augusta GreenJackets batting - Pitching for Hartford Yard Goats : RHP Logan Ramsey
|
Pitching: RHP Logan Ramsey
|
|
Batting: RHB Ryan Bentz
|
0-0: Ball 1-0: Swinging Strike 1-1: Ball 2-1: Ball 3-1: Fly out, F6 (Line Drive, 6, EV 66.9 MPH)
|
Batting: RHB Vinny Torres
|
0-0: Ball 1-0: Called Strike 1-1: Ball 2-1: Ground out 6-3 (Groundball, 6, EV 81.9 MPH)
|
Batting: RHB Coen Dirks
|
0-0: Ball 1-0: Swinging Strike 1-1: Swinging Strike 1-2: Ball 2-2: Ball 3-2: Base on Balls
|
Batting: LHB Takaaki Nishimoto
|
0-0: Called Strike 0-1: Swinging Strike 0-2: Hit by Pitch Coen Dirks to second
|
Batting: RHB Josh Truell
|
0-0: Fly out, F7 (Flyball, 78S, EV 91.9 MPH)
|
Top of the 1st over - 0 runs, 0 hits, 0 errors, 2 left on base; Augusta 0 - Hartford 0 |
BOTTOM OF THE 1ST |
Hartford Yard Goats batting - Pitching for Augusta GreenJackets : RHP Eddie Ramirez
|
Pitching: RHP Eddie Ramirez
|
|
Batting: RHB Doug D'Onofrio
|
0-0: Called Strike 0-1: Ball 1-1: SINGLE (Line Drive, 4MD, EV 102.5 MPH)
|
Batting: LHB Mick Tucker
|
0-0: Ball 1-0: DOUBLE (Line Drive, 7LM, EV 110.6 MPH) Doug D'Onofrio to third
|
Batting: RHB Kevin Tangeman
|
0-0: Swinging Strike 0-1: Ball Passed Ball! Doug D'Onofrio scores Mick Tucker to third 1-1: Ball 2-1: Foul Ball, location: 2F 2-2: SINGLE (Groundball, 6MD, EV 93.8 MPH) Mick Tucker scores
|
Batting: LHB Paul McClintock
|
0-0: Ball Wild Pitch! Kevin Tangeman to second 1-0: Called Strike 1-1: Called Strike 1-2: Ground out 4-3 (Groundball, 4, EV 85.6 MPH) Kevin Tangeman to third
|
Batting: RHB Manny Thompson
|
0-0: Ball 1-0: Foul Ball, location: 2F 1-1: Fly out, F2 (Popup, 23F, EV 83.8 MPH)
|
Batting: SHB Craig Ruzic
|
0-0: Ball 1-0: Called Strike 1-1: Foul Ball, location: 2F 1-2: Ground out U3 (Groundball, 3L, EV 90.0 MPH)
|
Bottom of the 1st over - 2 runs, 3 hits, 0 errors, 1 left on base; Augusta 0 - Hartford 2 |
TOP OF THE 2ND |
Augusta GreenJackets batting - Pitching for Hartford Yard Goats : RHP Logan Ramsey
|
Batting: RHB David Bibian
|
0-0: Ball 1-0: Ball 2-0: Ball 3-0: Base on Balls
|
Batting: RHB Malik Sharpless
|
0-0: Ball David Bibian is caught stealing 2nd base 2-4 1-0: Swinging Strike 1-1: DOUBLE (Flyball, 8LXD, EV 105.6 MPH)
|
Batting: RHB Teruhide Horiuchi
|
0-0: Ground out 5-3 (Groundball, 5, EV 106.2 MPH)
|
Batting: RHB Harry Dickson
|
0-0: Ball 1-0: Ball Balk! Malik Sharpless to third 2-0: Called Strike 2-1: Ground out 4-3 (Groundball, 4M, EV 85.6 MPH)
|
Top of the 2nd over - 0 runs, 1 hit, 0 errors, 1 left on base; Augusta 0 - Hartford 2 |
BOTTOM OF THE 2ND |
Hartford Yard Goats batting - Pitching for Augusta GreenJackets : RHP Eddie Ramirez
|
Batting: RHB Seisaburo Edagawa
|
0-0: Called Strike 0-1: Ground out 6-3 (Groundball, 6M, EV 105.6 MPH)
|
Batting: SHB Clayton Saunders
|
0-0: Foul Ball, location: 2F 0-1: Ball 1-1: Ball 2-1: SINGLE (Groundball, 5L, EV 93.1 MPH) (infield hit)
|
Batting: RHB Ighlas Mwara
|
0-0: Called Strike 0-1: Called Strike Clayton Saunders steals 2nd base 0-2: Ground out 6-3 (Groundball, 6, EV 87.5 MPH) Clayton Saunders to third
|
Batting: RHB Doug D'Onofrio
|
0-0: Ball 1-0: Ground out U3 (Groundball, 3, EV 108.8 MPH)
|
Bottom of the 2nd over - 0 runs, 1 hit, 0 errors, 1 left on base; Augusta 0 - Hartford 2 |
TOP OF THE 3RD |
Augusta GreenJackets batting - Pitching for Hartford Yard Goats : RHP Logan Ramsey
|
Batting: RHB Ryan Bentz
|
0-0: Ball 1-0: SINGLE (Groundball, 4D, EV 101.2 MPH)
|
Batting: RHB Vinny Torres
|
0-0: Called Strike 0-1: Ball 1-1: Ball 2-1: Ball Ryan Bentz steals 2nd base 3-1: Ground out 5-3 (Groundball, 56S, EV 64.4 MPH) Ryan Bentz to third
|
Batting: RHB Coen Dirks
|
0-0: Called Strike 0-1: Ball 1-1: Ball 2-1: Ball 3-1: Called Strike 3-2: Foul Ball, location: 2F 3-2: SINGLE (Groundball, 56S, EV 64.4 MPH) (infield hit) Ryan Bentz scores
|
Batting: LHB Takaaki Nishimoto
|
0-0: Called Strike 0-1: Ground out 6-3 (Groundball, 4MS, EV 67.5 MPH) Coen Dirks to second
|
Batting: RHB Josh Truell
|
0-0: Called Strike 0-1: Ball 1-1: Ball 2-1: SINGLE (Groundball, 6S, EV 66.9 MPH) (infield hit) Coen Dirks to third
|
Batting: RHB David Bibian
|
0-0: Foul Ball, location: 2F 0-1: Ball 1-1: Ball 2-1: Ball 3-1: Called Strike 3-2: Foul Ball, location: 2F 3-2: Foul Ball, location: 2F 3-2: Foul Ball, location: 2F 3-2: Base on Balls Josh Truell to second
|
Batting: RHB Malik Sharpless
|
0-0: Ball 1-0: Called Strike 1-1: Fly out, F8 (Line Drive, 8RD, EV 91.2 MPH)
|
Top of the 3rd over - 1 run, 3 hits, 0 errors, 3 left on base; Augusta 1 - Hartford 2 |
BOTTOM OF THE 3RD |
Hartford Yard Goats batting - Pitching for Augusta GreenJackets : RHP Eddie Ramirez
|
Batting: LHB Mick Tucker
|
0-0: Called Strike 0-1: Ball 1-1: Ball 2-1: Ball 3-1: Swinging Strike 3-2: Base on Balls
|
Batting: RHB Kevin Tangeman
|
0-0: Ball 1-0: Ball 2-0: Ball 3-0: Foul Ball, location: 2F 3-1: Base on Balls Mick Tucker to second
|
Batting: LHB Paul McClintock
|
0-0: Ball Passed Ball! Mick Tucker to third Kevin Tangeman to second 1-0: Ball Passed Ball! Mick Tucker scores Kevin Tangeman to third 2-0: Ball 3-0: Base on Balls
|
Batting: RHB Manny Thompson
|
0-0: Swinging Strike Passed Ball! Kevin Tangeman scores Paul McClintock to second 0-1: Ball 1-1: Foul Ball, location: 2F 1-2: Ball 2-2: Strikes out swinging
|
Batting: SHB Craig Ruzic
|
0-0: Called Strike 0-1: Swinging Strike 0-2: TRIPLE (Flyball, 9LD, EV 97.5 MPH) Paul McClintock scores
|
Batting: RHB Seisaburo Edagawa
|
0-0: Swinging Strike 0-1: Ball 1-1: Ball 2-1: Ball 3-1: Ground out 4-3 (Groundball, 4, EV 76.2 MPH) Craig Ruzic scores
|
Batting: SHB Clayton Saunders
|
0-0: Called Strike 0-1: Ball 1-1: Called Strike 1-2: Foul Ball, location: 2F 1-2: Ball 2-2: Ball 3-2: Foul Ball, location: 2F 3-2: Strikes out swinging
|
Bottom of the 3rd over - 4 runs, 1 hit, 0 errors, 0 left on base; Augusta 1 - Hartford 6 |
TOP OF THE 4TH |
Augusta GreenJackets batting - Pitching for Hartford Yard Goats : RHP Logan Ramsey
|
Batting: RHB Teruhide Horiuchi
|
0-0: Foul Ball, location: 2F 0-1: Hit by Pitch
|
Batting: RHB Harry Dickson
|
0-0: Ball 1-0: Ball 2-0: Grounds into double play, 6-4-3 (Groundball, 6, EV 81.2 MPH)
|
Batting: RHB Ryan Bentz
|
0-0: Called Strike 0-1: Ball 1-1: Foul Ball, location: 2F 1-2: Ball 2-2: SINGLE (Flyball, 34D, EV 92.5 MPH)
|
Batting: RHB Vinny Torres
|
0-0: Ball Ryan Bentz is caught stealing 2nd base 2-4
|
Top of the 4th over - 0 runs, 1 hit, 0 errors, 0 left on base; Augusta 1 - Hartford 6 |
BOTTOM OF THE 4TH |
Hartford Yard Goats batting - Pitching for Augusta GreenJackets : RHP Eddie Ramirez
|
Pitching: RHP Kevin Spencer
|
|
Batting: RHB Ighlas Mwara
|
0-0: Called Strike 0-1: Foul Ball, location: 2F 0-2: Ball 1-2: Ball 2-2: Ball 3-2: Base on Balls
|
Batting: RHB Doug D'Onofrio
|
0-0: Called Strike Ighlas Mwara steals 2nd base (no throw) 0-1: Ball 1-1: Called Strike 1-2: Ball 2-2: Ball Wild Pitch! Ighlas Mwara to third 3-2: Foul Ball, location: 2F 3-2: Foul Ball, location: 2F 3-2: Strikes out looking
|
Batting: LHB Mick Tucker
|
0-0: DOUBLE (Flyball, 9LD, EV 100.0 MPH) Ighlas Mwara scores
|
Batting: RHB Kevin Tangeman
|
0-0: Called Strike 0-1: Foul Ball, location: 2F 0-2: Foul Ball, location: 2F 0-2: Strikes out looking
|
Batting: LHB Paul McClintock
|
0-0: Ball 1-0: Foul Ball, location: 2F 1-1: Ball 2-1: Foul Ball, location: 2F 2-2: Foul Ball, location: 2F 2-2: Ground out 5-3 (Groundball, 5, EV 87.5 MPH)
|
Bottom of the 4th over - 1 run, 1 hit, 0 errors, 1 left on base; Augusta 1 - Hartford 7 |
TOP OF THE 5TH |
Augusta GreenJackets batting - Pitching for Hartford Yard Goats : RHP Logan Ramsey
|
Batting: RHB Vinny Torres
|
0-0: Called Strike 0-1: Ball 1-1: Swinging Strike 1-2: Ball 2-2: DOUBLE (Line Drive, 9LS, EV 110.6 MPH)
|
Pitching: RHP Wilson Mendez
|
|
Batting: RHB Coen Dirks
|
0-0: DOUBLE (Line Drive, 89D, EV 101.9 MPH) Vinny Torres scores
|
Batting: LHB Takaaki Nishimoto
|
0-0: Ball 1-0: Foul Ball, location: 2F 1-1: Ground out 6-3 (Groundball, 6M, EV 85.6 MPH) Coen Dirks to third
|
Batting: RHB Josh Truell
|
0-0: Ball 1-0: Called Strike 1-1: Foul Ball, location: 2F 1-2: Foul Ball, location: 2F 1-2: Strikes out looking
|
Batting: RHB David Bibian
|
0-0: Foul Ball, location: 2F 0-1: Fly out, F9 (Flyball, 9D, EV 85.6 MPH)
|
Top of the 5th over - 1 run, 2 hits, 0 errors, 1 left on base; Augusta 2 - Hartford 7 |
BOTTOM OF THE 5TH |
Hartford Yard Goats batting - Pitching for Augusta GreenJackets : RHP Kevin Spencer
|
Batting: RHB Manny Thompson
|
0-0: Called Strike 0-1: Ball 1-1: Ball 2-1: Foul Ball, location: 2F 2-2: DOUBLE (Flyball, 8LXD, EV 98.8 MPH)
|
Batting: SHB Craig Ruzic
|
0-0: Called Strike 0-1: Ball 1-1: Ground out U3 (Groundball, 34, EV 99.4 MPH) Manny Thompson to third
|
Batting: RHB Seisaburo Edagawa
|
0-0: Ball Wild Pitch! Manny Thompson scores 1-0: Ground out 5-3 (Groundball, 56, EV 85.6 MPH)
|
Batting: SHB Clayton Saunders
|
0-0: Ball 1-0: Ball 2-0: Ground out 6-3 (Groundball, 6, EV 83.8 MPH)
|
Bottom of the 5th over - 1 run, 1 hit, 0 errors, 0 left on base; Augusta 2 - Hartford 8 |
TOP OF THE 6TH |
Augusta GreenJackets batting - Pitching for Hartford Yard Goats : RHP Wilson Mendez
|
Batting: RHB Malik Sharpless
|
0-0: Called Strike 0-1: SINGLE (Line Drive, 6M, EV 105.6 MPH)
|
Batting: RHB Teruhide Horiuchi
|
0-0: Called Strike 0-1: Ball 1-1: Ball 2-1: Foul Ball, location: 2F 2-2: Grounds into double play, 6-4-3 (Groundball, 6, EV 103.1 MPH)
|
Batting: RHB Harry Dickson
|
0-0: Foul Ball, location: 2F 0-1: Ball 1-1: SINGLE (Line Drive, 7LS, EV 106.9 MPH)
|
Batting: RHB Ryan Bentz
|
0-0: Called Strike Harry Dickson is caught stealing 2nd base 2-4
|
Top of the 6th over - 0 runs, 2 hits, 0 errors, 0 left on base; Augusta 2 - Hartford 8 |
BOTTOM OF THE 6TH |
Hartford Yard Goats batting - Pitching for Augusta GreenJackets : RHP Kevin Spencer
|
Batting: RHB Ighlas Mwara
|
0-0: Called Strike 0-1: Foul Ball, location: 2F 0-2: Ball 1-2: Foul Ball, location: 2F 1-2: Ball 2-2: Ball 3-2: Foul Ball, location: 2F 3-2: Fly out, F6 (Line Drive, 6, EV 63.8 MPH)
|
Batting: RHB Doug D'Onofrio
|
0-0: Ball 1-0: Ball 2-0: Ball 3-0: Called Strike 3-1: Base on Balls
|
Pitching: LHP Christian Rogers
|
|
Batting: LHB Mick Tucker
|
0-0: Ball 1-0: Ball 2-0: Foul Ball, location: 2F 2-1: Foul Ball, location: 2F 2-2: Strikes out swinging
|
Batting: RHB Kevin Tangeman
|
0-0: Ball Doug D'Onofrio steals 2nd, throwing error, E2 Doug D'Onofrio to third 1-0: Foul Ball, location: 2F 1-1: Ball 2-1: Ball 3-1: Foul Ball, location: 2F 3-2: Ground out 5-3 (Groundball, 5S, EV 70.0 MPH)
|
Bottom of the 6th over - 0 runs, 0 hits, 1 error, 1 left on base; Augusta 2 - Hartford 8 |
TOP OF THE 7TH |
Augusta GreenJackets batting - Pitching for Hartford Yard Goats : RHP Wilson Mendez
|
Batting: RHB Ryan Bentz
|
0-0: Called Strike 0-1: Ball 1-1: Ball 2-1: Foul Ball, location: 2F 2-2: Ball 3-2: Foul Ball, location: 2F 3-2: Base on Balls
|
Batting: RHB Vinny Torres
|
0-0: Ball Ryan Bentz steals 2nd base 1-0: Swinging Strike 1-1: Ball Ryan Bentz steals 3rd base 2-1: Ground out 2-3 (Groundball, 13S, EV 61.2 MPH)
|
Pitching: RHP Jim Crooks
|
|
Batting: RHB Coen Dirks
|
0-0: Called Strike 0-1: Ball 1-1: Foul Ball, location: 2F 1-2: Strikes out swinging
|
Batting: LHB Takaaki Nishimoto
|
0-0: Ball 1-0: Ground out 5-3 (Groundball, 5S, EV 88.8 MPH)
|
Top of the 7th over - 0 runs, 0 hits, 0 errors, 1 left on base; Augusta 2 - Hartford 8 |
BOTTOM OF THE 7TH |
Hartford Yard Goats batting - Pitching for Augusta GreenJackets : LHP Christian Rogers
|
Batting: LHB Paul McClintock
|
0-0: Ball 1-0: Ground out 6-3 (Groundball, 6, EV 77.5 MPH)
|
Batting: RHB Manny Thompson
|
0-0: Ball 1-0: Ball 2-0: Foul Ball, location: 2F 2-1: Swinging Strike 2-2: Strikes out swinging, 2-3 out at first.
|
Batting: SHB Craig Ruzic
|
0-0: Swinging Strike 0-1: Fly out, F8 (Line Drive, 8LM, EV 92.5 MPH)
|
Bottom of the 7th over - 0 runs, 0 hits, 0 errors, 0 left on base; Augusta 2 - Hartford 8 |
TOP OF THE 8TH |
Augusta GreenJackets batting - Pitching for Hartford Yard Goats : RHP Jim Crooks
|
Batting: RHB Josh Truell
|
0-0: Swinging Strike 0-1: Swinging Strike 0-2: Strikes out looking
|
Batting: RHB David Bibian
|
0-0: Ball 1-0: Foul Ball, location: 2F 1-1: Ball 2-1: Ball 3-1: SOLO HOME RUN (Flyball, 78XD, EV 104.4 MPH), Distance : 387 ft
|
Batting: RHB Malik Sharpless
|
0-0: Ground out 6-3 (Groundball, 6M, EV 93.1 MPH)
|
Batting: RHB Teruhide Horiuchi
|
0-0: Foul Ball, location: 2F 0-1: Swinging Strike 0-2: Ball 1-2: Ground out 6-3 (Groundball, 6, EV 106.2 MPH)
|
Top of the 8th over - 1 run, 1 hit, 0 errors, 0 left on base; Augusta 3 - Hartford 8 |
BOTTOM OF THE 8TH |
Hartford Yard Goats batting - Pitching for Augusta GreenJackets : LHP Christian Rogers
|
Batting: RHB Seisaburo Edagawa
|
0-0: Ball 1-0: Swinging Strike 1-1: Called Strike 1-2: Strikes out looking
|
Batting: SHB Clayton Saunders
|
0-0: Ball 1-0: Called Strike 1-1: Foul Ball, location: 2F 1-2: Ground out 6-3 (Groundball, 6, EV 105.0 MPH)
|
Batting: RHB Ighlas Mwara
|
0-0: Called Strike 0-1: DOUBLE (Groundball, 3L, EV 99.4 MPH)
|
Batting: RHB Doug D'Onofrio
|
0-0: Called Strike 0-1: SINGLE (Groundball, 56S, EV 63.8 MPH) (infield hit) Ighlas Mwara to third
|
Batting: LHB Mick Tucker
|
0-0: Ball 1-0: Ball 2-0: Called Strike 2-1: Foul Ball, location: 2F 2-2: Ball 3-2: Base on Balls Doug D'Onofrio to second
|
Batting: RHB Kevin Tangeman
|
0-0: Ball Passed Ball! Ighlas Mwara scores Doug D'Onofrio to third Mick Tucker to second 1-0: Foul Ball, location: 2F 1-1: Foul Ball, location: 2F 1-2: Strikes out swinging
|
Bottom of the 8th over - 1 run, 2 hits, 0 errors, 2 left on base; Augusta 3 - Hartford 9 |
TOP OF THE 9TH |
Augusta GreenJackets batting - Pitching for Hartford Yard Goats : RHP Jim Crooks
|
Batting: RHB Harry Dickson
|
0-0: Foul Ball, location: 2F 0-1: Swinging Strike 0-2: DOUBLE (Line Drive, 89D, EV 113.8 MPH)
|
Pitching: RHP Josh Blaschke
|
|
Batting: RHB Ryan Bentz
|
0-0: Ball 1-0: Swinging Strike 1-1: Called Strike 1-2: Strikes out looking
|
Batting: RHB Vinny Torres
|
0-0: Ball 1-0: Ball 2-0: Ball 3-0: Called Strike 3-1: Called Strike 3-2: SINGLE (Flyball, 34D, EV 91.2 MPH) Harry Dickson to third
|
Batting: RHB Coen Dirks
|
0-0: Ball 1-0: Ball 2-0: Fielders Choice at 2nd, 6-4 (Groundball, 56, EV 101.9 MPH) Harry Dickson scores
|
Batting: LHB Takaaki Nishimoto
|
0-0: Called Strike 0-1: Foul Ball, location: 2F 0-2: Ball 1-2: Strikes out looking
|
Top of the 9th over - 1 run, 2 hits, 0 errors, 1 left on base; Augusta 4 - Hartford 9 |
|